team 1 (winner) 
              
              
bodyart (
orange | 85 APM | 1409 actions | 16:34)
              
 4 Archmage 
 2 Summon Water Elemental
 2 Brilliance Aura
 2 Paladin 
 1 Holy Light
 1 Divine Shield
 
                » actions 
                
                | Assign group hotkey | 24 |  | 
| Basic commands | 68 |  | 
| Build / train | 50 |  | 
| Enter build submenu | 25 |  | 
| Enter hero's abilities submenu | 6 |  | 
| Give item / drop item | 2 |  | 
| Right click | 578 |  | 
| Select / deselect | 262 |  | 
| Select group hotkey | 325 |  | 
| Use ability | 69 |  | 
                1409 total
 » units 
                
                | Peasant | 8 |  | 
| Footman | 15 |  | 
| Rifleman | 6 |  | 
| Mortar Team | 3 |  | 
                32 total
 » upgrades
                
                | Defend | 1 |  | 
| Gunpowder | 1 |  | 
| Long Rifles | 1 |  | 
                3 total
 » buildings
                
                | Altar of Kings | 1 |  | 
| Farm | 12 |  | 
| Barracks | 3 |  | 
| Lumber Mill | 1 |  | 
| Scout Tower | 3 |  | 
| Guard Tower | 2 |  | 
| Arcane Tower | 1 |  | 
| Arcane Vault | 1 |  | 
| Keep | 1 |  | 
| Blacksmith | 1 |  | 
| Workshop | 1 |  | 
                27 total
 » build order
                00:12 Altar of Kings
00:23 Farm
00:24 Farm
00:37 Barracks
00:54 Lumber Mill
01:02 Farm
01:42 Scout Tower
01:59 Scout Tower
02:16 Guard Tower
02:45 Arcane Tower
03:55 Barracks
04:11 Scout Tower
04:28 Farm
04:31 Farm
04:36 Arcane Vault
04:43 Guard Tower
06:07 Barracks
08:03 Farm
08:05 Farm
08:07 Farm
10:13 Farm
10:29 Keep
10:37 Blacksmith
11:36 Farm
13:03 Workshop
14:16 Farm
14:38 Farm
» items
                
                | Scroll of Regeneration | 2 |  | 
| Lesser Clarity Potion | 1 |  | 
                3 total
  
               
              
              
General-M (
red | 52 APM | 856 actions | 16:33)
              
 4 Death Knight 
 2 Death Coil
 2 Unholy Aura
 
                » actions 
                
                | Assign group hotkey | 3 |  | 
| Build / train | 43 |  | 
| Enter build submenu | 12 |  | 
| Enter hero's abilities submenu | 4 |  | 
| Right click | 473 |  | 
| Select / deselect | 263 |  | 
| Select group hotkey | 2 |  | 
| Use ability | 56 |  | 
                856 total
 » units 
                
                | Acolyte | 8 |  | 
| Ghoul | 3 |  | 
| Crypt Fiend | 11 |  | 
| Frost Wyrm | 4 |  | 
                26 total
 » upgrades
                » buildings
                
                | Crypt | 1 |  | 
| Graveyard | 1 |  | 
| Ziggurat | 6 |  | 
| Altar of Darkness | 1 |  | 
| Tomb of Relics | 1 |  | 
| Halls of the Dead | 1 |  | 
| Black Citadel | 1 |  | 
| Sacrificial Pit | 1 |  | 
| Boneyard | 3 |  | 
                16 total
 » build order
                00:09 Crypt
00:13 Graveyard
00:40 Ziggurat
00:58 Altar of Darkness
01:30 Ziggurat
02:14 Tomb of Relics
04:34 Halls of the Dead
07:10 Black Citadel
07:12 Ziggurat
09:18 Sacrificial Pit
10:49 Boneyard
10:50 Boneyard
10:51 Boneyard
10:53 Ziggurat
10:55 Ziggurat
10:55 Ziggurat
» items
                
                | Rod of Necromancy | 1 |  | 
| Scroll of Regeneration | 2 |  | 
| Lesser Clarity Potion | 2 |  | 
| Dust of Appearance | 1 |  | 
                6 total
  
               
              
              
HoneyBlunt (
green | 71 APM | 1183 actions | 16:33)
              
 4 Tauren Chieftain 
 2 War Stomp
 2 Endurance Aura
 2 Shadow Hunter 
 1 Hex
 1 Healing Wave
 
                » actions 
                
                | Assign group hotkey | 18 |  | 
| Basic commands | 45 |  | 
| Build / train | 45 |  | 
| Enter build submenu | 17 |  | 
| Enter hero's abilities submenu | 6 |  | 
| Remove unit from queue | 3 |  | 
| Right click | 577 |  | 
| Select / deselect | 223 |  | 
| Select group hotkey | 197 |  | 
| Use ability | 52 |  | 
                1183 total
 » units 
                
                | Peon | 8 |  | 
| Grunt | 5 |  | 
| Demolisher | 2 |  | 
| Tauren | 2 |  | 
| Troll Witch Doctor | 3 |  | 
                20 total
 » upgrades
                
                | Ranged Weapons | 1 |  | 
| Armor | 2 |  | 
| Witch Doctor Training | 2 |  | 
| Melee Weapons | 1 |  | 
| Pulverize | 1 |  | 
                7 total
 » buildings
                
                | Altar of Storms | 1 |  | 
| Orc Burrow | 7 |  | 
| Barracks | 2 |  | 
| War Mill | 2 |  | 
| Watch Tower | 1 |  | 
| Stronghold | 1 |  | 
| Spirit Lodge | 1 |  | 
| Fortress | 1 |  | 
| Tauren Totem | 2 |  | 
                18 total
 » build order
                00:26 Altar of Storms
00:37 Orc Burrow
00:55 Barracks
01:07 War Mill
01:52 Orc Burrow
02:24 Watch Tower
03:13 Stronghold
04:07 Orc Burrow
05:04 Barracks
06:08 Orc Burrow
06:28 Spirit Lodge
07:43 Fortress
10:17 Tauren Totem
10:19 Tauren Totem
11:23 War Mill
12:34 Orc Burrow
13:38 Orc Burrow
13:40 Orc Burrow
» items
                
                | Scroll of Regeneration | 2 |  | 
| Lesser Clarity Potion | 2 |  | 
| Scroll of Town Portal | 1 |  | 
                5 total
  
               team 2 (loser) 
              
              
FatherPanOnHead (
blue | 115 APM | 1900 actions | 16:27)
              
 3 Death Knight 
 2 Death Coil
 1 Unholy Aura
 
                » actions 
                
                | Assign group hotkey | 49 |  | 
| Basic commands | 9 |  | 
| Build / train | 43 |  | 
| Enter build submenu | 14 |  | 
| Enter hero's abilities submenu | 3 |  | 
| Right click | 1464 |  | 
| Select / deselect | 178 |  | 
| Select group hotkey | 79 |  | 
| Use ability | 61 |  | 
                1900 total
 » units 
                
                | Acolyte | 4 |  | 
| Ghoul | 3 |  | 
| Crypt Fiend | 10 |  | 
| Obsidian Statue | 3 |  | 
                20 total
 » upgrades
                
                | Creature Attack | 2 |  | 
| Creature Carapace | 2 |  | 
| Web | 1 |  | 
| Burrow | 1 |  | 
                6 total
 » buildings
                
                | Ziggurat | 5 |  | 
| Crypt | 1 |  | 
| Altar of Darkness | 1 |  | 
| Graveyard | 1 |  | 
| Tomb of Relics | 1 |  | 
| Nerubian Tower | 1 |  | 
| Halls of the Dead | 2 |  | 
| Spirit Tower | 1 |  | 
| Slaughterhouse | 1 |  | 
| Black Citadel | 1 |  | 
| Sacrificial Pit | 1 |  | 
| Boneyard | 1 |  | 
                17 total
 » build order
                00:08 Ziggurat
00:23 Crypt
00:39 Altar of Darkness
01:05 Graveyard
01:54 Tomb of Relics
02:08 Ziggurat
02:26 Nerubian Tower
05:27 Halls of the Dead
05:27 Halls of the Dead
06:50 Ziggurat
06:51 Ziggurat
07:03 Spirit Tower
09:44 Slaughterhouse
09:45 Ziggurat
11:13 Black Citadel
11:50 Sacrificial Pit
13:42 Boneyard
» items
                
                | Rod of Necromancy | 2 |  | 
| Dust of Appearance | 1 |  | 
| Healing Salve | 1 |  | 
| Scroll of Speed | 1 |  | 
| Potion of Healing | 1 |  | 
| Potion of Mana | 2 |  | 
                8 total
  
               
              
              
ShallowSpirit (
yellow | 60 APM | 990 actions | 16:32)
              
 3 Blademaster 
 1 Mirror Image
 1 Critical Strike
 1 Wind Walk
 1 Shadow Hunter 
 1 Healing Wave
 
                » actions 
                
                | Assign group hotkey | 7 |  | 
| Basic commands | 33 |  | 
| Build / train | 33 |  | 
| ESC pressed | 7 |  | 
| Enter build submenu | 51 |  | 
| Enter hero's abilities submenu | 4 |  | 
| Right click | 542 |  | 
| Select / deselect | 218 |  | 
| Select group hotkey | 23 |  | 
| Use ability | 72 |  | 
                990 total
 » units 
                » upgrades
                
                | Ranged Weapons | 2 |  | 
| Envenomed Spears | 1 |  | 
                3 total
 » buildings
                
                | War Mill | 2 |  | 
| Altar of Storms | 1 |  | 
| Orc Burrow | 7 |  | 
| Watch Tower | 24 |  | 
| Voodoo Lounge | 2 |  | 
| Barracks | 1 |  | 
| Stronghold | 1 |  | 
| Beastiary | 2 |  | 
| Fortress | 1 |  | 
                41 total
 » build order
                00:08 War Mill
00:13 Altar of Storms
00:40 Orc Burrow
01:27 Watch Tower
01:31 Watch Tower
01:55 Orc Burrow
02:21 Watch Tower
02:32 Watch Tower
02:51 Watch Tower
03:20 Watch Tower
03:46 Watch Tower
03:58 Watch Tower
04:05 Watch Tower
04:23 Watch Tower
04:39 Voodoo Lounge
04:42 Voodoo Lounge
04:56 Watch Tower
05:18 Watch Tower
05:30 Watch Tower
06:00 Watch Tower
06:07 Watch Tower
06:20 Watch Tower
07:05 Watch Tower
07:28 Watch Tower
07:57 Barracks
08:35 Watch Tower
09:01 Stronghold
09:40 Watch Tower
09:55 Watch Tower
10:35 Watch Tower
10:37 Watch Tower
10:41 Orc Burrow
11:38 Orc Burrow
11:49 Beastiary
11:53 Beastiary
12:02 Watch Tower
12:05 Fortress
12:29 War Mill
12:34 Orc Burrow
13:09 Orc Burrow
13:36 Orc Burrow
 
               
              
              
SonOfBucketFoot (
pink | 82 APM | 1349 actions | 16:29)
              
 3 Blademaster 
 2 Wind Walk
 1 Critical Strike
 
                » actions 
                
                | Assign group hotkey | 1 |  | 
| Basic commands | 63 |  | 
| Build / train | 44 |  | 
| Enter build submenu | 14 |  | 
| Enter hero's abilities submenu | 3 |  | 
| Remove unit from queue | 1 |  | 
| Right click | 742 |  | 
| Select / deselect | 352 |  | 
| Select group hotkey | 73 |  | 
| Use ability | 56 |  | 
                1349 total
 » units 
                
                | Peon | 8 |  | 
| Grunt | 6 |  | 
| Demolisher | 4 |  | 
| Raider | 2 |  | 
| Troll Witch Doctor | 2 |  | 
| Tauren | 3 |  | 
                25 total
 » upgrades
                
                | Armor | 1 |  | 
| Ensnare | 1 |  | 
| Witch Doctor Training | 2 |  | 
| Burning Oil | 1 |  | 
                5 total
 » buildings
                
                | Altar of Storms | 1 |  | 
| Orc Burrow | 5 |  | 
| Barracks | 1 |  | 
| Voodoo Lounge | 1 |  | 
| War Mill | 1 |  | 
| Stronghold | 1 |  | 
| Beastiary | 1 |  | 
| Spirit Lodge | 1 |  | 
| Fortress | 1 |  | 
| Tauren Totem | 2 |  | 
                15 total
 » build order
                00:05 Altar of Storms
00:09 Orc Burrow
00:35 Barracks
01:43 Orc Burrow
02:16 Voodoo Lounge
04:08 War Mill
04:36 Stronghold
05:27 Orc Burrow
06:26 Orc Burrow
08:07 Beastiary
08:12 Spirit Lodge
08:13 Fortress
10:42 Tauren Totem
11:19 Orc Burrow
14:20 Tauren Totem
» items
                
                | Healing Salve | 2 |  | 
| Lesser Clarity Potion | 1 |  | 
| Scroll of Town Portal | 1 |  | 
| Orb of Lightning | 1 |  | 
| Potion of Healing | 1 |  | 
                6 total